 Dungeon Crawl Stone Soup version 0.27.1-4-g1640c2035a (webtiles) character file.

Game seed: 4814433468363336400

100 scsoc the Skirmisher (level 4, -1/41 HPs)
             Began as a Hill Orc Fighter on Nov 5, 2021.
             Succumbed to a water moccasin's poison
             ... on level 3 of the Dungeon.
             The game lasted 00:03:04 (2891 turns).

scsoc the Skirmisher (Hill Orc Fighter)             Turns: 2891, Time: 00:03:05

Health: -1/41      AC:  9    Str: 16 (19) XL:     4   Next: 73%
Magic:  4/4        EV:  4    Int:  6 (8)  God:
Gold:   140        SH:  8    Dex:  7 (10) Spells: 3/3 levels left

rFire    . . .     SeeInvis .   a - +0 war axe
rCold    . . .     Faith    .   c - +0 kite shield
rNeg     . . .     Spirit   .   f - +0 chain mail
rPois    .         Reflect  .   (no helmet)
rElec    .         Harm     .   (no cloak)
rCorr    .         Rampage  .   (no gloves)
Will     .....                  (no boots)
Stlth    ..........             (no amulet)
HPRegen  0.13/turn              (no ring)
MPRegen  0.09/turn              (no ring)

@: lethally poisoned (-1 -> -20)
A: no striking features
a: no special abilities


You were on level 3 of the Dungeon.
You visited 1 branch of the dungeon, and saw 3 of its levels.

You collected 140 gold pieces.

Inventory:

Hand Weapons
 a - a +0 war axe (weapon)
Armour
 c - a +0 kite shield (worn)
 f - a +0 chain mail (worn)
Jewellery
 g - an amulet of faith
Potions
 b - a potion of flight
 d - a potion of might


   Skills:
 + Level 4.7 Fighting
 + Level 3.9 Axes
 + Level 4.2 Armour
 + Level 0.3 Dodging
 + Level 3.5 Shields


You had 3 spell levels left.
You didn't know any spells.
Your spell library contained the following spells:

 Spells                   Type           Power      Damage    Failure   Level
 Magic Dart               Conj           0%         1d3       100%        1
 Searing Ray              Conj           0%         3d3       100%        2
 Fulminant Prism          Conj/Hex       0%         3d6       100%        4


Dungeon Overview and Level Annotations

Branches:
Dungeon (3/15)

Altars:
Elyvilon
Makhleb


Message History

You miss the water moccasin.
You feel sick.
The water moccasin bites you but does no damage.
The water moccasin barely misses you.
You miss the water moccasin.
You feel sick.
The water moccasin bites you but does no damage.
The water moccasin bites you.
You are too injured to fight recklessly!
You are too injured to fight recklessly!
You are too injured to fight recklessly!
You are too injured to fight recklessly!
You are too injured to fight recklessly!
You are too injured to fight recklessly!
You are too injured to fight recklessly!
You are too injured to fight recklessly!
You are too injured to fight recklessly!
You are too injured to fight recklessly!
You are too injured to fight recklessly!
You are too injured to fight recklessly!
You are too injured to fight recklessly!
You are too injured to fight recklessly!
You are too injured to fight recklessly!
You are too injured to fight recklessly!
You are too injured to fight recklessly!
You are too injured to fight recklessly!
You are too injured to fight recklessly!
You are too injured to fight recklessly!
You are too injured to fight recklessly!
You are too injured to fight recklessly!
You slash the water moccasin!
The water moccasin is moderately wounded.
You feel sick. The water moccasin bites you!
* * * LOW HITPOINT WARNING * * *
The water moccasin bites you.
* * * LOW HITPOINT WARNING * * *
You are lethally poisoned!
The water moccasin poisons you!
It was a potion of degeneration.
There was something very wrong with that liquid.
You feel weakened.
You feel dopey.
You feel clumsy.
You die...

♣P..._...P♣
#♣.♣P....♣.♣ ##
#####P.♣♣...♣♣(P
#.
.##...PP♣♣.♣♣PP.
.#.##.#≈≈P......≈≈
...#.##≈≈.P♣♣♣P.≈≈
#.###.###.........
#S# #..#..########
####@#####.### #
#.........## #
#.#.......# .
#.#..##.#.###### .
#.#..........(.#
#.
#.#..##.#.####.#
#. #.#..##.#.# #.
#.........# ...
########### #.


You could see a water moccasin.

Vanquished Creatures
  4 adders (D:2)
  A worm (D:2)
  A dart slug (D:2)
  5 endoplasms
  4 giant cockroaches
  3 goblins
  9 hobgoblins
  9 kobolds
  3 quokkas
  5 ball pythons
  2 bats
  3 frilled lizards
  5 rats
54 creatures vanquished.

Notes
Turn   | Place    | Note
-------+----------+-------------------------------------------
     0 | D:1      | scsoc the Hill Orc Fighter began the quest for the Orb.
     0 | D:1      | Reached XP level 1. HP: 19/19 MP: 1/1
   177 | D:1      | Reached XP level 2. HP: 27/27 MP: 2/2
   204 | D:1      | Found a faded altar of an unknown god.
   806 | D:1      | Reached XP level 3. HP: 24/31 MP: 3/3
  1738 | D:2      | Reached XP level 4. HP: 39/41 MP: 4/4
  2749 | D:3      | Found a burning altar of Makhleb.
  2749 | D:3      | Noticed a cacodemon
  2850 | D:3      | Found a white marble altar of Elyvilon.
  2883 | D:3      | Noticed a water moccasin
  2891 | D:3      | Succumbed to a water moccasin's poison

Illustrated notes

Levels and vault maps discovered:
D:1:      mrwooster_arrival_statue_3, layout_rooms,
          hellmonk_ecumenical_altar_arch_garden, minmay_pentomino_t4
D:2:      layout_loops_corners
D:3:      layout_loops_cross, makhleb_altar_promises_db,
          nicolae_elyvilon_peaceful_grove, minmay_misc_feat_ornament

Skill      XL: |  1  2  3 |
---------------+----------+-----
Fighting       | 4 |  4.7
Axes           | 3 |  3.9
Armour         | 4 |  4.2
Dodging        | |  0.3
Shields        | |  3.5

Action                   |  1- 3 |  4- 6 || total
-------------------------+-------+-------++-------
Melee: War axe           |   124 |    65 ||   189
  Use: Potion            |     2 |     1 ||     3
       Scroll            |     2 |       ||     2
Armor: Scale mail        |    17 |       ||    17
       Chain mail        |    51 |    44 ||    95
Dodge: Dodged            |    32 |    17 ||    49
Block: Kite shield       |    59 |    20 ||    79
